 Dungeon Crawl Stone Soup version 0.21.1-1-g345015f (webtiles) character file.

5651 sking99 the Grappler (level 10, -4/95 (96) HPs)
             Began as a Troll Monk on June 14, 2018.
             Slain by Fannar
             ... wielding an uncursed staff of cold
              (6 damage)
             ... on level 10 of the Dungeon.
             The game lasted 00:36:21 (8262 turns).

sking99 the Grappler (Troll Monk)                   Turns: 8262, Time: 00:36:22

HP:   -4/95 (96)    AC:  5    Str: 24    XL:     10   Next: 46%
MP:   9/9           EV: 16    Int:  6    God:
Gold: 554           SH:  0    Dex: 12    Spells: 9/9 levels left

rFire    . . .     SeeInvis +     - Unarmed
rCold    x . .     Gourm    +   (no shield)
rNeg     + . .     Faith    .   a - +0 robe
rPois    +         Spirit   .   (helmet restricted)
rElec    .         Reflect  .   z - scarf {repulsion}
rCorr    .         Harm     .   (gloves unavailable)
MR       .....                  (boots unavailable)
Stlth    ++........             (no amulet)
HPRegen  0.65/turn              q - ring of see invisible
MPRegen  0.11/turn              w - ring "Pofuh" {rPois rC- rN+ EV+4}

@: repel missiles
A: large, unfitting armour, claws 3, fast metabolism 3, gourmand, regeneration
1, shaggy fur 1, tough skin 2
a: no special abilities


You were on level 10 of the Dungeon.
You were full.

You visited 2 branches of the dungeon, and saw 11 of its levels.

You collected 719 gold pieces.
You spent 165 gold pieces at shops.

Inventory:

Missiles
 d - 382 stones (quivered)
Armour
 a - a +0 robe (worn)
 k - a +1 cloak of magic resistance
 m - the cursed +1 robe of Reason {rN+ Int+2 Dex-2}
   (You found it on level 4 of the Dungeon)

   It affects your intelligence (+2).
   It affects your dexterity (-2).
   It protects you from negative energy.
   It has a curse placed upon it.
 z - a scarf of repulsion (worn)
Jewellery
 q - a ring of see invisible (left claw)
 w - the ring "Pofuh" (right claw) {rPois rC- rN+ EV+4}
   (You found it on level 8 of the Dungeon)

   [ring of evasion]

   It affects your evasion (+4).
   It makes you vulnerable to cold.
   It protects you from poison.
   It protects you from negative energy.
 x - an uncursed amulet of harm {unknown}
Wands
 f - a wand of polymorph (13)
 v - a wand of iceblast (10)
Scrolls
 c - 9 scrolls of teleportation
 j - 3 scrolls of identify
 p - 6 scrolls of remove curse
 r - 2 scrolls of fog
 t - a scroll of amnesia
 y - a scroll of silence {unknown}
Potions
 e - 7 potions of curing
 g - 3 potions of flight
 h - 2 potions of haste
 i - a potion of agility {unknown}
 l - 2 potions of lignification
 n - a potion of cancellation
 o - a potion of invisibility {unknown}
 s - 2 potions of degeneration {unknown}
 u - a potion of ambrosia {unknown}
 B - a potion of mutation {unknown}
Comestibles
 b - 7 rations


   Skills:
 * Level 5.2 Fighting
 + Level 5.5 Dodging
 - Level 1.4 Stealth
 * Level 13.2 Unarmed Combat


You had 9 spell levels left.
You didn't know any spells.

Dungeon Overview and Level Annotations

Branches:
Dungeon (10/15)            Temple (1/1) D:5
   Lair: D:8-11         Orc: D:9-12

Altars:
Ashenzari
Cheibriados
Dithmenos
Elyvilon
Fedhas
Gozag
Hepliaklqana
Kikubaaqudgha
Makhleb
Nemelex Xobeh
Okawaru
Qazlal
Ru
Sif Muna
Trog
Uskayaw
Vehumet
Wu Jian
Xom
Yredelemnul
Zin
The Shining One

Shops:
D:5 [([(   D:8 %

Annotations:
D:2 Sigmund
D:10 Fannar


Innate Abilities, Weirdness & Mutations

You are too large for most types of armour.
You have claws for hands.
Your metabolism is lightning-fast.
You like to eat raw meat.
Your natural rate of healing is unusually fast.
You are covered in fur. (AC +1)
You have very tough skin. (AC +2)


Message History

Fannar is heavily wounded.
You mangle Fannar!! Your claw misses Fannar.
Fannar is severely wounded.
Fannar casts a spell at you. The bolt of cold hits you!
You feel a terrible chill! The ice beast barely misses you.
You closely miss Fannar.
Fannar is severely wounded.
Fannar says, "You will make a fine ice sculpture."
Fannar hits you with a staff of cold. Fannar freezes you!
* * * LOW HITPOINT WARNING * * *
The ice beast hits you.
* * * LOW HITPOINT WARNING * * *
The ice beast freezes you!!
You feel a terrible chill!
* * * LOW HITPOINT WARNING * * *
Unknown command.
As you read the scroll of fear, it crumbles to dust.
You assume a fearsome visage.
Fannar easily resists.
The ice beast looks frightened!
Fannar hits you with a staff of cold.
You die...

#### ########## #..#
.........###..#
..............# #######
..............# #.....#
..............# #.....#
.......e@.....###.....#
.#######..............###
#Y................
#.#####...........
#.#...'.##'#####..
#.#...#.#......#..
#.#...#.#......#<.
#.#...'.+......#..
#.#####.#......#..


You could see Fannar and an ice beast (fleeing).

Vanquished Creatures
  A two-headed ogre (D:8)
  3 hippogriffs (D:9)
  2 wyverns
  11 yaks
  An orc warrior (D:6)
  4 phantoms
  An eye of draining (D:8)
  A necrophage (D:8)
  2 ogres
  2 centaurs
  6 bullfrogs
  2 scorpions
  6 wights (D:6)
  A howler monkey (D:4)
  3 crimson imps
  A bullfrog zombie (D:5)
  A quasit (D:8)
  3 jellies
  Crazy Yiuf (D:6)
  2 orc priests
  3 hounds
  A bullfrog skeleton (D:9)
  An iguana (D:9)
  3 worker ants
  Natasha (thrice) (D:2)
  3 gnolls (D:4)
  10 adders
  3 shadow imps
  3 oozes
  An adder skeleton (D:5)
  2 adder zombies
  4 dart slugs
  4 leopard geckos
  8 orcs
  2 ball pythons
  4 giant cockroaches
  3 goblins
  9 hobgoblins
  6 jackals
  4 quokkas
  2 bats
  6 frilled lizards
  5 kobolds
  9 rats
153 creatures vanquished.

Notes
Turn   | Place    | Note
-------+----------+-------------------------------------------
     0 | D:1      | sking99 the Troll Monk began the quest for the Orb.
     0 | D:1      | Reached XP level 1. HP: 22/22 MP: 0/0
    80 | D:1      | Reached XP level 2. HP: 29/29 MP: 1/1
   506 | D:1      | Reached XP level 3. HP: 36/36 MP: 2/2
   686 | D:2      | Noticed Natasha
   703 | D:2      | Killed Natasha
   720 | D:2      | Noticed Natasha
   776 | D:2      | Killed Natasha
   776 | D:2      | Reached XP level 4. HP: 44/44 MP: 3/3
   785 | D:2      | Noticed Natasha
   794 | D:2      | Killed Natasha
   794 | D:2      | Reached skill level 4 in Unarmed Combat
   867 | D:2      | Noticed Sigmund
  1125 | D:3      | Reached XP level 5. HP: 45/52 MP: 4/4
  1940 | D:4      | Noticed a phantom
  1955 | D:4      | Killed a phantom
  1955 | D:4      | Reached skill level 5 in Unarmed Combat
  1955 | D:4      | Reached XP level 6. HP: 38/59 MP: 5/5
  2139 | D:4      | Got a fabulously ornate robe
  2140 | D:4      | Identified the cursed +1 robe of Reason {rN+ Int+2 Dex-2} (You found it on level 4 of the Dungeon)
  2628 | D:4      | Found an iron altar of Okawaru.
  2685 | D:5      | Entered Level 5 of the Dungeon
  2685 | D:5      | Found a sparkling altar of Nemelex Xobeh.
  2701 | D:5      | Found a staircase to the Ecumenical Temple.
  2710 | Temple   | Entered the Ecumenical Temple
  3198 | D:5      | Found Foparrug's Weapon Boutique.
  3206 | D:5      | Reached skill level 6 in Unarmed Combat
  3652 | D:5      | Found Ycle's Antique Armour Boutique.
  3695 | D:5      | Found Qenuddeo's Antique Weapon Shop.
  3700 | D:5      | Found Sutet's Antique Armour Shop.
  3713 | D:5      | Bought a glowing cloak for 165 gold pieces
  3761 | D:5      | Reached XP level 7. HP: 67/67 MP: 6/6
  3939 | D:6      | Reached skill level 7 in Unarmed Combat
  4195 | D:6      | Reached XP level 8. HP: 63/75 MP: 7/7
  4199 | D:6      | Reached skill level 8 in Unarmed Combat
  4474 | D:6      | Found a runed door.
  4654 | D:6      | Found a radiant altar of Vehumet.
  4841 | D:6      | Noticed Crazy Yiuf
  4845 | D:6      | Killed Crazy Yiuf
  5044 | D:7      | Found a basalt altar of Yredelemnul.
  5128 | D:7      | Found a snail-covered altar of Cheibriados.
  5144 | D:7      | Found a sacrificial altar of Ru.
  5217 | D:7      | Reached skill level 9 in Unarmed Combat
  5224 | D:7      | Found a burning altar of Makhleb.
  5246 | D:7      | Found a glowing silver altar of Zin.
  5246 | D:7      | Noticed a balrug
  5246 | D:7      | Noticed an angel
  5644 | D:8      | Found a shimmering altar of Xom.
  5645 | D:8      | Noticed a two-headed ogre
  6250 | D:8      | Found a white marble altar of Elyvilon.
  6316 | D:8      | Reached skill level 10 in Unarmed Combat
  6341 | D:8      | Reached XP level 9. HP: 80/83 MP: 8/8
  6411 | D:8      | Got a clouded bone ring
  6413 | D:8      | Identified the ring "Pofuh" {rPois rC- rN+ EV+4} (You found it on level 8 of the Dungeon)
  6480 | D:8      | Killed a two-headed ogre
  6480 | D:8      | Reached skill level 5 in Dodging
  6603 | D:8      | Reached skill level 11 in Unarmed Combat
  6778 | D:8      | Found Quag's Food Shop.
  7112 | D:9      | Reached skill level 12 in Unarmed Combat
  7333 | D:9      | Reached XP level 10. HP: 57/93 MP: 9/9
  7351 | D:9      | HP: 3/93 [yak (14)]
  7486 | D:9      | Reached skill level 5 in Fighting
  7778 | D:9      | Found an opulent altar of Gozag.
  7831 | D:10     | Entered Level 10 of the Dungeon
  8081 | D:9      | Reached skill level 13 in Unarmed Combat
  8247 | D:10     | Noticed Fannar
  8261 | D:10     | HP: 1/95 [ice beast[Fannar] (19)]
  8262 | D:10     | Slain by Fannar

Skill      XL: |  1  2  3  4  5  6  7  8  9 10 |
---------------+-------------------------------+-----
Dodging        | 3 4 5 |  5.5
Unarmed Combat | 4 5 6 7 10 12 13 | 13.2
Fighting       | 3 4 5 |  5.2
Stealth        | |  1.4

Action                   |  1- 3 |  4- 6 |  7- 9 | 10-12 || total
-------------------------+-------+-------+-------+-------++-------
Melee: Unarmed           |    75 |   128 |   218 |    59 ||   480
       Punch             |     1 |     3 |    18 |     5 ||    27
Evoke: Wand              |       |       |     1 |       ||     1
  Use: Scroll            |       |    12 |     1 |     3 ||    16
 Stab: Sleeping          |       |     3 |       |       ||     3
  Eat: Chunk             |     2 |    11 |    27 |     7 ||    47
       Ration            |     1 |     4 |     4 |       ||     9
Armor: Robe              |    23 |    36 |    37 |     7 ||   103
       Skin              |       |     2 |       |       ||     2
Dodge: Dodged            |    69 |    67 |   116 |    55 ||   307
